 Dungeon Crawl Stone Soup version 0.25-a0-287-g56a5b49892 (webtiles) character file.

Game seed: 12731743693095150011, levelgen mode: deterministic

5952 Aggronaut the Slicer (level 11, 0/60 HPs)
             Began as a Kobold Berserker on Dec 12, 2019.
             Was an Elder of Trog.
             Shot with an arrow by a centaur warrior (5 damage)
             ... on level 9 of the Dungeon.
             The game lasted 00:24:59 (10284 turns).

Aggronaut the Slicer (Kobold Berserker)            Turns: 10284, Time: 00:25:01

Health: 0/60       AC:  8    Str: 22    XL:     11   Next: 9%
Magic:  0/11       EV: 21    Int:  9    God:    Trog [****..]
Gold:   1422       SH:  0    Dex: 18    Spells: 10/10 levels left

rFire    x . .     SeeInvis +   w - +0 rapier
rCold    . . .     Gourm    .   (shield restricted)
rNeg     + . .     Faith    .   t - +3 ring mail "Wujintur" {rF- rN+ Str+6 Dex+2}
rPois    .         Spirit   +   (no helmet)
rElec    .         Reflect  .   (no cloak)
rCorr    .         Harm     .   (no gloves)
MR       +....                  (no boots)
Stlth    +++++.....             f - amulet of guardian spirit
HPRegen  0.20/turn              e - ring of protection from magic
MPRegen  0.12/turn              y - ring of see invisible

@: barbed spikes
A: small, carnivore
a: Berserk, Trog's Hand, Brothers in Arms, Renounce Religion


You were on level 9 of the Dungeon.
You worshipped Trog.
Trog was greatly pleased with you.
You were completely stuffed.

You visited 2 branches of the dungeon, and saw 10 of its levels.

You collected 1422 gold pieces.

Inventory:

Hand Weapons
 a - a +0 short sword
 n - a cursed -2 long sword
 w - a +0 rapier (weapon)
Missiles
 s - 2 throwing nets (quivered)
Armour
 t - the +3 ring mail "Wujintur" (worn) {rF- rN+ Str+6 Dex+2}
   (You found it on level 8 of the Dungeon)

   It affects your strength (+6).
   It affects your dexterity (+2).
   It makes you vulnerable to fire.
   It protects you from negative energy.
 x - a +0 ring mail
Jewellery
 e - a ring of protection from magic (left hand)
 f - an amulet of guardian spirit (around neck)
 y - a ring of see invisible (right hand)
 A - an uncursed ring of poison resistance {unknown}
 B - a +2 ring of dexterity {unknown}
Wands
 b - a wand of iceblast (5)
 u - a wand of polymorph (5)
 D - a wand of digging (5)
Scrolls
 d - 4 scrolls of remove curse
 g - 8 scrolls of teleportation
 h - 4 scrolls of immolation
 l - 4 scrolls of identify
 m - a scroll of fear
 o - a scroll of amnesia
 p - 2 scrolls of blinking
 r - 2 scrolls of enchant armour {unknown}
 z - a scroll of fog {unknown}
 C - a scroll of torment {unknown}
 F - a scroll of summoning {unknown}
 G - a scroll of vulnerability {unknown}
Potions
 i - 2 potions of flight
 j - a potion of haste
 k - 3 potions of curing
 q - 3 potions of cancellation
 v - 2 potions of agility
 E - a potion of invisibility {unknown}
Comestibles
 c - 20 rations
 H - a chunk of flesh


   Skills:
 - Level 3.2 Fighting
 * Level 13.7 Short Blades
 - Level 1.5 Armour
 + Level 9.3 Dodging
 * Level 12.8 Stealth


You had 10 spell levels left.
You didn't know any spells.
Your spell library contained the following spells:

 Spells                   Type           Power        Failure   Level  Hunger
 Animate Skeleton         Necr           N/A          54%         1    ##.....
 Apportation              Tloc           #.....       54%         1    ##.....
 Confusing Touch          Hex            #.....       54%         1    ##.....
 Sting                    Tmut/Pois      #...         54%         1    ##.....
 Summon Small Mammal      Summ           #...         54%         1    ##.....
 Poisonous Vapours        Pois/Air       #.....       69%         2    ###....
 Confuse                  Hex            #.......     89%         3    ####...
 Gell's Gravitas          Tloc           #.........   89%         3    ####...
 Ignite Poison            Fire/Tmut/Pois #.......     89%         3    ####...
 Mephitic Cloud           Conj/Pois/Air  #.......     89%         3    ####...
 Olgreb's Toxic Radiance  Pois           #.......     100%        4    #####..
 Petrify                  Tmut/Erth      #.......     100%        4    #####..
 Metabolic Englaciation   Hex/Ice        #.........   100%        5    ######.
 Yara's Violent Unravell  Hex/Tmut       #.........   100%        5    ######.


Dungeon Overview and Level Annotations

Branches:
Dungeon (9/15)             Temple (1/1) D:5
   Lair: D:8-11         Orc: D:9-12

Altars:
Ashenzari
Cheibriados
Dithmenos
Elyvilon
Fedhas
Gozag
Hepliaklqana
Kikubaaqudgha
Makhleb
Nemelex Xobeh
Okawaru
Qazlal
Ru
Sif Muna
Trog
Uskayaw
Vehumet
Wu Jian
Xom
Yredelemnul
Zin
The Shining One


Innate Abilities, Weirdness & Mutations

You are small and have problems with some larger weapons.
You are carnivorous and can eat meat at any time.


Message History

You hit the unseen horror.
The unseen horror is lightly wounded.
The unseen horror barely misses you.
The centaur warrior wields a +0 shortbow.
The centaur warrior shoots an arrow.
The arrow misses the unseen horror.
The arrow hits you!
The barbed spikes dig painfully into your body as you move.
* * * LOW HITPOINT WARNING * * *
The unseen horror misses you.
The centaur warrior shoots an arrow.
The arrow hits you!
* * * LOW HITPOINT WARNING * * *
You see here an arrow.
Okay, then.
As you read the scroll of fear, it crumbles to dust.
You assume a fearsome visage.
The manticore looks frightened!
The unseen horror looks frightened!
The cyclops looks frightened!
The centaur warrior easily resists.
Cornered, the unseen horror turns to fight!
The centaur warrior shoots an arrow.
The arrow hits you.
You die...

#.#.#.#.....##.##.#.#.#.#
..
#.....'##†##'.#.#.#.###.#
#..#..#.....#.###.#.#.#.#
#.....#.....##)..##.....#
###'###########'#####'###
##.#.## #.....#..#.)#
#.#.#.# #.....#.##.[#
#.#.#.# #.....#.#.###
#.#†#.# #..@..#..##.#
##.#÷## #..(.x#.....#
###'### ###'#####'###
#.....# #(?H!$#.....#
#.....# #:c(!)#.⌠.⌠.#
#.#.#.# +($C(?#..8..#
#.....# #$(($/#.⌠(⌠.#
#.....# #$!![)#.....#
###'#################'###


You could see a centaur warrior, a manticore (fleeing), a cyclops (fleeing) and
an unseen horror (invisible).

Vanquished Creatures
  A centaur warrior (D:9)
  A two-headed ogre (D:4)
  Pikel (D:8)
  A deep elf mage (D:9)
  A hippogriff (D:7)
  Sigmund (D:6)
  A yak (D:9)
  2 soldier ants (D:9)
  2 black bears
  2 orc warriors (D:9)
  An ice beast (D:6)
  A slave (D:8)
  2 sky beasts
  An ogre (D:4)
  A phantom (D:6)
  The ghost of Nagy the Chiller, an amateur DrIE (D:3)
  2 centaurs (D:5)
  Blork the orc (D:6)
  6 bullfrogs
  A water moccasin zombie (D:8)
  A wyvern skeleton (D:9)
  A scorpion (D:5)
  10 killer bees
  7 crimson imps
  A howler monkey (D:8)
  2 centaur zombies
  A bullfrog skeleton (D:6)
  A bullfrog zombie (D:9)
  2 orc priests (D:7)
  2 hounds
  2 iguanas
  An orc wizard (D:7)
  6 worker ants
  A hound zombie (D:9)
  A worker ant zombie (D:3)
  2 gnolls
  A howler monkey skeleton (D:5)
  3 adders
  A shadow imp (D:6)
  2 adder zombies (D:6)
  2 adder skeletons (D:3)
  4 worms
  7 dart slugs
  11 leopard geckos
  13 orcs
  3 bats
  4 giant cockroaches
  6 goblins
  8 hobgoblins
  9 jackals
  3 quokkas
  7 frilled lizards
  A jackal zombie (D:5)
  7 kobolds
  3 rats
166 creatures vanquished.

Notes
Turn   | Place    | Note
-------+----------+-------------------------------------------
     0 | D:1      | Aggronaut the Kobold Berserker began the quest for the Orb.
     0 | D:1      | Reached XP level 1. HP: 14/14 MP: 1/1
   188 | D:1      | Reached skill level 1 in Stealth
   188 | D:1      | Reached XP level 2. HP: 6/19 MP: 2/2
   797 | D:1      | Reached XP level 3. HP: 22/23 MP: 3/3
  1382 | D:1      | Reached skill level 5 in Short Blades
  1419 | D:2      | Found a faded altar of an unknown god.
  1462 | D:2      | Found a sacrificial altar of Ru.
  1462 | D:2      | Found a hazy altar of Hepliaklqana.
  1467 | D:2      | Found a shimmering blue altar of Sif Muna.
  1469 | D:2      | Found a faded altar of an unknown god.
  1470 | D:2      | Found a faded altar of an unknown god.
  1517 | D:2      | Reached XP level 4. HP: 19/28 MP: 4/4
  1519 | D:2      | Reached ** piety under Trog
  2055 | D:2      | Found a shimmering altar of Xom.
  3004 | D:3      | Reached XP level 5. HP: 32/32 MP: 5/5
  3177 | D:3      | Found a runed translucent gate.
  3177 | D:3      | Found a runed translucent gate.
  3177 | D:3      | Found a runed translucent gate.
  3177 | D:3      | Noticed Nagy's ghost (amateur DrIE)
  3203 | D:3      | Killed Nagy's ghost
  3203 | D:3      | Reached skill level 6 in Short Blades
  3219 | D:3      | Reached XP level 6. HP: 12/37 MP: 6/6
  4114 | D:4      | Noticed an ogre
  4114 | D:4      | Noticed a two-headed ogre
  4488 | D:4      | Reached skill level 7 in Short Blades
  4513 | D:4      | Found a blossoming altar of Fedhas.
  4695 | D:4      | Killed an ogre
  4695 | D:4      | Reached XP level 7. HP: 37/41 MP: 4/7
  5231 | D:4      | Found a blossoming altar of Fedhas.
  5260 | D:4      | Killed a two-headed ogre
  5260 | D:4      | Reached skill level 9 in Short Blades
  5260 | D:4      | Reached XP level 8. HP: 46/46 MP: 6/8
  5339 | D:5      | Entered Level 5 of the Dungeon
  6025 | D:5      | Reached skill level 10 in Short Blades
  6174 | D:5      | Found a staircase to the Ecumenical Temple.
  6209 | Temple   | Entered the Ecumenical Temple
  6866 | D:5      | Reached *** piety under Trog
  6966 | D:6      | Reached XP level 9. HP: 51/51 MP: 9/9
  7055 | D:6      | Noticed Blork the orc
  7075 | D:6      | Killed Blork the orc
  7102 | D:6      | Noticed Sigmund
  7146 | D:6      | Killed Sigmund
  7251 | D:6      | Reached skill level 11 in Short Blades
  7397 | D:6      | Found an opulent altar of Gozag.
  7442 | D:6      | Found a radiant altar of Vehumet.
  7442 | D:6      | Found a shadowy altar of Dithmenos.
  8580 | D:7      | Noticed a hippogriff
  8625 | D:7      | Reached skill level 10 in Stealth
  8631 | D:7      | Killed a hippogriff
  8801 | D:8      | Reached XP level 10. HP: 56/56 MP: 10/10
  8852 | D:8      | Reached skill level 12 in Short Blades
  8923 | D:8      | Noticed Pikel
  8951 | D:8      | Killed Pikel
  9393 | D:8      | Got a bloodstained ring mail
  9404 | D:8      | Identified the +3 ring mail "Wujintur" {rF- rN+ Str+6
                  | Dex+2} (You found it on level 8 of the Dungeon)
 10037 | D:9      | Noticed a deep elf mage
 10039 | D:9      | Killed a deep elf mage
 10039 | D:9      | Reached **** piety under Trog
 10039 | D:9      | Reached skill level 13 in Short Blades
 10180 | D:9      | Noticed a centaur warrior
 10199 | D:9      | Killed a centaur warrior
 10199 | D:9      | Reached XP level 11. HP: 60/60 MP: 11/11
 10275 | D:9      | Noticed an unseen horror
 10275 | D:9      | Noticed a centaur warrior
 10276 | D:9      | Noticed a manticore
 10276 | D:9      | Noticed a cyclops
 10284 | D:9      | Shot with an arrow by a centaur warrior

Levels and vault maps discovered:
D:1:      psy_arrival_spokes, layout_basic
D:2:      layout_rooms, chequers_temple_overflow_minitemple,
          chequers_ecumenical_altar_simple, tgw_xom
D:3:      layout_basic, gammafunk_ghost_necromancy
D:4:      layout_rooms, first_ration, fedhas_altar_fruit_tree
D:5:      layout_loops_cross, minmay_temple_entry_arrows,
          chequers_decorated_corner
D:6:      layout_basic, gammafunk_temple_overflow_wave, basic_altar,
          uniq_sigmund, uniq_blork_the_orc
D:7:      kennysheep_steamy, layout_gridville
D:8:      layout_loops_corners, uniq_pikel
D:9:      minmay_the_grid_square_5x5_4x4 [minmay_the_grid_square_5x5_inner_i,
          minmay_the_grid_square_5x5_minivault,
          minmay_the_grid_square_5x5_shrine1, minmay_the_grid_square_5x5_spiral,
          minmay_the_grid_square_5x5_spiral_small,
          minmay_the_grid_square_5x5_prize_gold,
          minmay_the_grid_square_5x5_prize_junk, minmay_the_grid_square_5x5_c,
          minmay_the_grid_square_5x5_bridge,
          minmay_the_grid_square_5x5_prize_open,
          minmay_the_grid_square_5x5_prize_waves,
          minmay_the_grid_square_5x5_three,
          minmay_the_grid_square_5x5_three_walls,
          minmay_the_grid_square_5x5_eight_small,
          minmay_the_grid_square_5x5_two_walls_b,
          minmay_the_grid_square_5x5_trominoes], layout_long_grid, basic_altar,
          hangedman_pestilent_swarm, nooodl_food_tri
Temple:   nicolae_temple_elliptical

Skill      XL: |  1  2  3  4  5  6  7  8  9 10 |
---------------+-------------------------------+-----
Stealth        | 1 2 3 4 6 7 10 12 | 12.8
Dodging        | 3 4 6 7 9 |  9.3
Short Blades   | 5 6 7 9 10 11 13 | 13.7
Fighting       | |  3.2
Armour         | |  1.5

Action                   |  1- 3 |  4- 6 |  7- 9 | 10-12 || total
-------------------------+-------+-------+-------+-------++-------
Melee: Short sword       |    98 |   227 |   298 |    52 ||   675
       Rapier            |       |       |       |   142 ||   142
Throw: Throwing net      |       |       |     1 |       ||     1
Invok: Berserk           |     1 |     7 |    11 |     4 ||    23
       Trog's Hand       |       |     1 |     2 |       ||     3
Evoke: Wand              |       |       |     2 |       ||     2
  Use: Scroll            |       |     8 |     6 |     1 ||    15
       Potion            |       |       |     1 |     1 ||     2
 Stab: Sleeping          |     2 |     3 |    11 |    11 ||    27
       Distracted        |       |     1 |       |       ||     1
  Eat: Chunk             |    10 |    16 |    25 |    10 ||    61
Armor: Animal skin       |     6 |    10 |       |       ||    16
       Leather armour    |       |     1 |    21 |       ||    22
       Ring mail         |       |       |     9 |    14 ||    23
Dodge: Dodged            |    64 |   133 |   207 |    92 ||   496

Table legend:
 A = Non-vault XP
 B = Vault XP
 C = Vault XP percentage of total XP
 D = Non-vault monster count
 E = Vault monster count
 F = Vault count percentage of total count
                 A         B        C        D         E       F
            +---------+---------+-------+---------+---------+-------
      Total |    4596 |    3907 |  45.9 |     141 |      24 |  14.5
            +---------+---------+-------+---------+---------+-------
        D:1 |      52 |       0 |   0.0 |      23 |       0 |   0.0
        D:2 |      40 |       0 |   0.0 |      17 |       0 |   0.0
        D:3 |      82 |     139 |  62.9 |      24 |       4 |  14.3
        D:4 |    1276 |       0 |   0.0 |      16 |       0 |   0.0
        D:5 |     364 |       0 |   0.0 |      11 |       0 |   0.0
        D:6 |     909 |     333 |  26.8 |      19 |       2 |   9.5
        D:7 |     709 |       0 |   0.0 |      14 |       0 |   0.0
        D:8 |     617 |     685 |  52.6 |       9 |       1 |  10.0
        D:9 |     547 |    2750 |  83.4 |       8 |      17 |  68.0
            +---------+---------+-------+---------+---------+-------
